 Dungeon Crawl Stone Soup version 0.21-a0-110-g8e1637b (webtiles) character file.

107 meatball the Cudgeler (level 4, -1/28 HPs)
             Began as a Gargoyle Monk on July 10, 2017.
             Was an Initiate of Gozag.
             Killed from afar by an orc wizard (3 damage)
             ... with a magic dart
             ... on level 3 of the Dungeon.
             The game lasted 00:09:54 (1396 turns).

meatball the Cudgeler (Gargoyle Monk)               Turns: 1396, Time: 00:09:56

Health: -1/28      AC:  5    Str: 15    XL:     4   Next: 86%
Magic:  4/4        EV: 12    Int: 11    God:    Gozag
Gold:   172        SH:  0    Dex: 12    Spells: 3/3 levels left

rFire    . . .     SeeInvis .   a - +0 mace
rCold    . . .     Gourm    .   (no shield)
rNeg     + . .     Faith    .   b - +0 robe
rPois    ∞         Spirit   .   (no helmet)
rElec    +         Reflect  .   (no cloak)
rCorr    .         Harm     .   (no gloves)
MR       .....                  (no boots)
Stlth    ++........             (no amulet)
HPRegen  0.09/turn              (no ring)
MPRegen  0.09/turn              (no ring)

@: slowed, very slow
A: negative energy resistance 1, electricity resistance, unbreathing,
petrification resistance, rot immunity, AC +3
a: Potion Petition, Call Merchant, Bribe Branch, Renounce Religion


You were on level 3 of the Dungeon.
You worshipped Gozag.
Gozag was aware of your devotion.
You were not hungry.

You visited 1 branch of the dungeon, and saw 3 of its levels.

You collected 172 gold pieces.

Inventory:

Hand Weapons
 a - a +0 mace (weapon)
Armour
 b - a +0 robe (worn)
 d - a +0 scale mail
 n - a +0 cloak
Scrolls
 e - 4 scrolls of enchant armour {unknown}
 g - a scroll of fog {unknown}
 h - a scroll of enchant weapon {unknown}
 i - 3 scrolls of identify {unknown}
 l - a scroll of random uselessness {unknown}
 p - 2 scrolls of teleportation {unknown}
Potions
 m - a potion of degeneration {unknown}
 o - a potion of mutation {unknown}
Comestibles
 c - 2 bread rations
 f - 2 chunks of flesh
 j - a royal jelly
 k - 2 fruits


   Skills:
 - Level 3.2 Fighting
 + Level 5.4 Maces & Flails
 - Level 2.4 Dodging
 - Level 2.1 Stealth


You had 3 spell levels left.
You didn't know any spells.

Dungeon Overview and Level Annotations

Branches:
Dungeon (3/15)

Altars:
Ashenzari
Cheibriados
Gozag
Hepliaklqana
Sif Muna


Innate Abilities, Weirdness & Mutations

You are resistant to torment.
Your stone body is resilient. (AC +3)
You are immune to poison.
You resist negative energy. (rN+)
You are resistant to electric shocks. (rElec)
You can survive without breathing.
You are immune to petrification.
You are immune to rotting.


Message History

The orc wizard casts a spell at you. The magic dart hits you!
* * * LOW HITPOINT WARNING * * *
The orc is distracted by the nearby gold.
The orc shouts!
You hit the orc wizard.
The orc wizard is severely wounded.
The orc wizard gestures at you while chanting.
You feel yourself slow down. The orc wizard hits you with a dagger.
* * * LOW HITPOINT WARNING * * *
Okay, then.
You barely miss the orc wizard.
The orc wizard is severely wounded.
The orc wizard misses you.
The orc wizard gestures at you while chanting.
You feel as though you will be slow longer.
The orc wizard points at you and mumbles some strange words.
The magic dart hits you!
You die...
Your body crumbles into a pile of gold.

##.#.# ##....##
......# #.....#
..... .# .o. .# #o#
^# #+ #@###.# ##
#.# #...#.# . #.#
###.#.# #.##.##
#.#####.#.#
#.#...##
#.........#
#......#
#######.###
#.#...#### #.#
#........########.#
####.###..........#


You could see an orc wizard and an orc.

Vanquished Creatures
  6 adders
  An ooze (D:1)
  A worm (D:2)
  2 leopard geckos
  2 orcs (D:3)
  2 giant cockroaches
  3 goblins
  8 hobgoblins
  2 jackals (D:3)
  A quokka (D:2)
  5 bats
  2 frilled lizards (D:1)
  4 kobolds
  3 rats
42 creatures vanquished.

Notes
Turn   | Place    | Note
-------+----------+-------------------------------------------
     0 | D:1      | meatball the Gargoyle Monk began the quest for the Orb.
     0 | D:1      | Reached XP level 1. HP: 14/14 MP: 1/1
    48 | D:1      | Reached XP level 2. HP: 4/19 MP: 2/2
   720 | D:1      | Reached skill level 4 in Maces & Flails
   720 | D:1      | Reached XP level 3. HP: 21/23 MP: 3/3
   739 | D:2      | Found a hazy altar of Hepliaklqana.
   741 | D:2      | Found a shattered altar of Ashenzari.
   792 | D:2      | Found an opulent altar of Gozag.
   794 | D:2      | Found a snail-covered altar of Cheibriados.
   876 | D:2      | Reached XP level 4. HP: 19/28 MP: 4/4
   970 | D:2      | Found a deep blue altar of Sif Muna.
   978 | D:2      | Reached skill level 5 in Maces & Flails
  1292 | D:2      | Became a worshipper of Gozag Ym Sagoz the Greedy
  1396 | D:3      | Killed from afar by an orc wizard

Vault maps used:
D:1:      scummos_arrival_hexagon, serial_bayou_pond_e
D:2:      nicolae_overflow_hidden_temple, lemuel_doored_altar, serial_curves,
          eino_curves_04, eino_curves_02, eino_tiny_chamber, minmay_tromino_mix6
D:3:      dancing_weapons_uskayaw, uniq_purgy

Skill      XL: |  1  2  3  4 |
---------------+-------------+-----
Maces & Flails | 4 5 |  5.4
Fighting       | |  3.2
Dodging        | |  2.4
Stealth        | |  2.1

Action                   |  1- 3 |  4- 6 || total
-------------------------+-------+-------++-------
Melee: Mace              |    94 |    45 ||   139
 Stab: Sleeping          |     1 |     2 ||     3
  Eat: Chunk             |       |     2 ||     2
Armor: Robe              |    30 |    15 ||    45
Dodge: Dodged            |    61 |    20 ||    81
